 Dungeon Crawl Stone Soup version 0.25.1-8-g42b30a86e7 (webtiles) character file.

Game seed: 1235876841020769869

809 Araneus the Martial Artist (level 7, -1/52 HPs)
             Began as a Demonspawn Monk on Dec 8, 2020.
             Was a Believer of Qazlal.
             Slain by an ice beast (2 damage)
             ... on level 4 of the Dungeon.
             The game lasted 00:11:02 (5509 turns).

Araneus the Martial Artist (Demonspawn Monk)        Turns: 5509, Time: 00:11:02

Health: -1/52      AC:  5    Str: 25    XL:     7   Next: 61%
Magic:  7/7        EV: 13    Int: 11    God:    Qazlal [**....]
Gold:   204        SH:  3    Dex: 20    Spells: 6/6 levels left

rFire    . . .     SeeInvis .     - Unarmed
rCold    + + .     Gourm    .   (no shield)
rNeg     . . .     Faith    .   p - +2 robe {rC+}
rPois    .         Spirit   .   q - +0 helmet
rElec    .         Reflect  .   (no cloak)
rCorr    .         Harm     .   (no gloves)
MR       .....                  (no boots)
Stlth    +++.......             m - amulet of regeneration
HPRegen  0.17/turn              e - +6 ring of strength
MPRegen  0.10/turn              t - +6 ring of strength

@: lethally poisoned (-1 -> -2)
A: thin skeletal structure 2, cold resistance 1, powered by pain 1
a: Upheaval, Renounce Religion


You were on level 4 of the Dungeon.
You worshipped Qazlal.
Qazlal was pleased with you.
You were not hungry.

You visited 1 branch of the dungeon, and saw 5 of its levels.

You collected 204 gold pieces.

Inventory:

Armour
 p - a +2 robe of cold resistance (worn)
 q - a +0 helmet (worn)
 r - a +2 pair of boots of stealth
Jewellery
 c - an uncursed amulet of reflection
 e - a +6 ring of strength (left hand)
 m - an amulet of regeneration (around neck)
 t - a +6 ring of strength (right hand)
 y - a cursed +6 ring of dexterity {unknown}
 A - a +6 ring of intelligence {unknown}
Scrolls
 a - a scroll of enchant armour {unknown}
 j - 3 scrolls of magic mapping {unknown}
 l - a scroll of amnesia {unknown}
 n - a scroll of fog {unknown}
 o - a scroll of noise {unknown}
 s - a scroll of fear {unknown}
 u - a scroll of remove curse
 v - a scroll of teleportation
 w - a scroll of identify
 B - a scroll of immolation {unknown}
Potions
 d - a potion of flight
 f - a potion of stabbing
 g - 2 potions of might
 h - 4 potions of curing {unknown}
 i - a potion of lignification
 k - 2 potions of invisibility
 x - a potion of brilliance {unknown}
Comestibles
 b - 8 rations


   Skills:
 - Level 3.0 Fighting
 - Level 2.6 Dodging
 - Level 1.7 Stealth
 + Level 8.3 Unarmed Combat


You had 6 spell levels left.
You didn't know any spells.
Your spell library was empty.

Dungeon Overview and Level Annotations

Branches:
Dungeon (5/15)
 Temple: D:4-7

Altars:
Dithmenos
Fedhas
Gozag
Hepliaklqana
Qazlal
Ru

Annotations:
D:5 Eustachio


Innate Abilities, Weirdness & Mutations

You have a moderately thin skeletal structure. (Dex +4, Stealth+)
Your flesh is cold resistant. (rC+)
You sometimes gain a little power by taking damage.


Message History

The jackal closely misses you.
You barely miss the jackal.
The jackal is moderately wounded.
The jackal bites you but does no damage.
You punch the jackal!
You kill the jackal!
Qazlal accepts your kill.
You feel sick.
You barely miss the ice beast.
The ice beast is severely wounded.
All of the chunks of flesh in your inventory have rotted away.
You barely miss the ice beast.
The ice beast is severely wounded.
The ice beast barely misses you.
You hit the ice beast but do no damage. Your punch misses the ice beast.
The ice beast is severely wounded.
The ice beast hits you.
* * * LOW HITPOINT WARNING * * *
The ice beast freezes you. You resist.
You die...

##.........####...#######.###.^.#
...........+.....................
...........####...#######.#......
##........## ##..# #.##.#..#
#.#.....## ##.# #.##.##.#
#.##(..## #.># #.......#
##.###+## #.## ####.#### ...# #.#
#Y# #.# ...# #.# #@# ####.###
##.###.## #.# #......#
##.##...#### #.# #.##.#.#
...........# #.# #.##.#.##
...#....##.#####.# #.##....#
...#.#.###.......# #.####..#
.#.#.#.# ######### #.# ##...
.....#.# #.###.... ######.#
#........


You could see an ice beast.

Vanquished Creatures
  Duvessa (D:5)
  An ogre (D:4)
  Dowan (D:5)
  A hound (D:4)
  4 orc priests
  An orc wizard (D:4)
  3 iguanas (D:4)
  2 worker ants
  A killer bee zombie (D:5)
  Robin (D:3)
  A howler monkey skeleton (D:4)
  4 adders
  An ooze (D:1)
  2 adder skeletons
  3 worms
  5 dart slugs
  29 orcs
  2 giant cockroaches
  13 goblins
  11 hobgoblins
  9 jackals
  4 quokkas
  10 bats
  8 frilled lizards
  11 kobolds
  11 rats
140 creatures vanquished.

Notes
Turn   | Place    | Note
-------+----------+-------------------------------------------
     0 | D:1      | Araneus the Demonspawn Monk began the quest for the Orb.
     0 | D:1      | Reached XP level 1. HP: 18/18 MP: 1/1
   125 | D:1      | Reached skill level 3 in Unarmed Combat
   125 | D:1      | Gained mutation: You sometimes gain a little power by
                  | taking damage. [demonic ancestry]
   125 | D:1      | Reached XP level 2. HP: 9/24 MP: 2/2
  1159 | D:2      | Found a sacrificial altar of Ru.
  1187 | D:2      | Reached XP level 3. HP: 10/29 MP: 3/3
  1227 | D:2      | Found an opulent altar of Gozag.
  1237 | D:2      | Found a hazy altar of Hepliaklqana.
  1530 | D:2      | Found a stormy altar of Qazlal.
  1532 | D:2      | Found a shadowy altar of Dithmenos.
  1566 | D:2      | Reached skill level 4 in Unarmed Combat
  2394 | D:2      | Gained mutation: You have a somewhat thin skeletal
                  | structure. (Dex +2, Stealth) [demonic ancestry]
  2394 | D:2      | Reached XP level 4. HP: 35/35 MP: 4/4
  3113 | D:3      | Reached skill level 5 in Unarmed Combat
  3138 | D:3      | Noticed Robin
  3174 | D:3      | Killed Robin
  3363 | D:3      | Found a blossoming altar of Fedhas.
  3412 | D:3      | Gained mutation: Your flesh is cold resistant. (rC+)
                  | [demonic ancestry]
  3412 | D:3      | Reached XP level 5. HP: 41/41 MP: 5/5
  4000 | D:2      | Became a worshipper of Qazlal Stormbringer
  4000 | D:2      | Reached * piety under Qazlal
  4000 | D:2      | Reached ** piety under Qazlal
  4246 | D:4      | Reached skill level 6 in Unarmed Combat
  4265 | D:4      | Reached XP level 6. HP: 42/47 MP: 6/6
  4549 | D:4      | Reached skill level 7 in Unarmed Combat
  4930 | D:4      | Gained mutation: You have a moderately thin skeletal
                  | structure. (Dex +4, Stealth+) [demonic ancestry]
  4930 | D:4      | Reached XP level 7. HP: 48/52 MP: 7/7
  5470 | D:5      | Entered Level 5 of the Dungeon
  5470 | D:5      | Noticed Duvessa
  5470 | D:5      | Noticed Dowan
  5476 | D:5      | Killed Duvessa
  5476 | D:5      | Reached skill level 8 in Unarmed Combat
  5482 | D:5      | Killed Dowan
  5490 | D:5      | Noticed Eustachio
  5509 | D:4      | HP: 1/52 [ice beast (4)]
  5509 | D:4      | Slain by an ice beast

Illustrated notes

Levels and vault maps discovered:
D:1:      dpeg_arrival_court, layout_loops_ring, kennysheep_decorative_pillar,
          serial_bayou_lake_a
D:2:      layout_rooms, nicolae_overflow_hidden_temple
D:3:      layout_basic, fedhas_altar_4, minmay_fractal_squares_gapless_5,
          uniq_robin
D:4:      layout_loops_corners, first_ration, small_statue_alley_b
D:5:      layout_gridville, minmay_strange_pillars,
          minmay_a_box_with_orc_wizards_in_it, uniq_eustachio, uniq_duvessa

Skill      XL: |  1  2  3  4  5  6  7 |
---------------+----------------------+-----
Unarmed Combat | 3 4 5 6 7 8 |  8.3
Fighting       | |  3.0
Dodging        | |  2.6
Stealth        | |  1.7

Action                   |  1- 3 |  4- 6 |  7- 9 || total
-------------------------+-------+-------+-------++-------
Melee: Unarmed           |   177 |   229 |    51 ||   457
       Punch             |     2 |     7 |     4 ||    13
  Use: Scroll            |     6 |     1 |       ||     7
 Stab: Sleeping          |     5 |     6 |       ||    11
  Eat: Chunk             |     5 |     8 |     2 ||    15
Armor: Robe              |    44 |    33 |    13 ||    90
Dodge: Dodged            |   131 |   130 |    34 ||   295
Block: Other             |       |    44 |    18 ||    62
       Reflection        |       |     2 |       ||     2
